 Dungeon Crawl Stone Soup version 0.30.0-5-g1a98f26d00 (webtiles) character file.

Game seed: 7131920951146077334

346 cowcol the Chopper (level 6, 0/82 HPs)
             Began as a Minotaur Fighter on May 12, 2023.
             Slain by Pikel
             ... wielding a +2 whip of freezing
              (2 damage)
             ... on level 4 of the Dungeon on May 13, 2023.
             The game lasted 00:11:10 (4119 turns).

cowcol the Chopper (Minotaur Fighter)               Turns: 4119, Time: 00:11:10

Health: 0/82       AC: 14    Str: 21    XL:     6   Next: 32%
Magic:  5/5        EV:  8    Int:  5    God:
Gold:   162        SH:  4    Dex: 11    Spells: 5/5 levels left

rFire   . . .        a - +0 war axe
rCold   . . .        c - +0 buckler
rNeg    . . .        p - +1 chain mail
rPois   .            (helmet restricted)
rElec   .            (no cloak)
rCorr   .            m - +2 pair of gloves
SInv    .            (no boots)
Will    .....        (no amulet) Stlth
                     (no ring)
HPRegen 0.33/turn    (no ring)
MPRegen 0.09/turn

%: no passive effects
@: berserking, very quick
A: horns 2, retaliatory headbutt
a: no special abilities


You were on level 4 of the Dungeon.
You visited 1 branch of the dungeon, and saw 4 of its levels.

You collected 162 gold pieces.

Inventory:

Hand Weapons
 a - a +0 war axe (weapon)
 d - a +0 hammer
Missiles
 n - 28 stones
 s - 9 poisoned darts (quivered)
Armour
 b - a +0 scale mail
 c - a +0 buckler (worn)
 m - a +2 pair of gloves (worn)
 p - a +1 chain mail (worn)
Scrolls
 e - a scroll of immolation {unknown}
 i - a scroll of brand weapon
 j - 3 scrolls of fog
 l - a scroll of fear
 o - 2 scrolls of enchant weapon
 t - a scroll of blinking {unknown}
 v - a scroll of noise {unknown}
Potions
 f - a potion of heal wounds {unknown}
 g - a potion of brilliance {unknown}
 k - a potion of attraction
 q - a potion of haste {unknown}
 r - a potion of curing {unknown}


   Skills:
 + Level 4.9 Fighting
 + Level 5.5 Axes
 - Level 2.0 Throwing
 + Level 5.0 Armour
 - Level 4.1 Shields


You had 5 spell levels left.
You didn't know any spells.
Your spell library contained the following spells:

 Spells                   Type           Power      Damage    Failure   Level
 Summon Small Mammal      Summ           0%         N/A       99%         1
 Static Discharge         Conj/Air       0%         2-2/arc   100%        2
 Call Canine Familiar     Summ           0%         N/A       100%        3
 Summon Guardian Golem    Hex/Summ       0%         N/A       100%        3
 Airstrike                Air            0%         2d(0-16)  100%        4
 Summon Lightning Spire   Summ/Air       0%         N/A       100%        4


Dungeon Overview and Level Annotations

Branches:
Dungeon (4/15)
 Temple: D:4-7

Altars:
Ru

Annotations:
D:4 Pikel


Innate Abilities, Weirdness & Mutations

You have a pair of horns on your head.
You reflexively headbutt those who attack you in melee.


Message History

You hit Pikel.
Pikel is heavily wounded.
Pikel hits you but does no damage. Pikel closely misses you.
You closely miss Pikel.
Pikel is heavily wounded.
Pikel hits you with a +2 whip of freezing.
Pikel freezes you. Pikel completely misses you.
You hit Pikel.
Pikel is heavily wounded.
Pikel hits you with a +2 whip of freezing.
Pikel freezes you. Pikel hits you but does no damage.
You hit Pikel but do no damage. Your headbutt misses Pikel.
Pikel is heavily wounded.
Pikel hits you with a +2 whip of freezing!
Pikel freezes you.
Pikel hits you with a +2 whip of freezing!
Pikel freezes you.
You hit Pikel but do no damage.
Pikel is heavily wounded.
Pikel hits you with a +2 whip of freezing!
* * * LOW HITPOINT WARNING * * *
Pikel freezes you.
* * * LOW HITPOINT WARNING * * *
Pikel hits you but does no damage.
A red film seems to cover your vision as you go berserk!
You feel yourself moving faster!
You feel mighty!
Pikel hits you with a +2 whip of freezing.
* * * LOW HITPOINT WARNING * * *
Pikel freezes you.
* * * LOW HITPOINT WARNING * * *
You miss Pikel.
Pikel is heavily wounded.
Pikel hits you with a +2 whip of freezing.
* * * LOW HITPOINT WARNING * * *
Pikel freezes you.
* * * LOW HITPOINT WARNING * * *
Pikel hits you with a +2 whip of freezing.
* * * LOW HITPOINT WARNING * * *
Pikel freezes you.
You die...

....................
...)..............#
..#.###.....(.....#
..# #..>........#
.<# ###...........#
..# #.............#
### #.###5#####..##
... #55#####.### .#
##..5.##@K5##
####K.###5.#
##..###.# ##...#.#
###...## ###..# #).#
####


You could see Pikel (berserk) and 2 lemures.

Vanquished Creatures
  A lemure (D:4)
  A kobold brigand (D:3)
  A bullfrog (D:4)
  Crazy Yiuf (D:2)
  Terence (D:2)
  A sleepcap (D:3)
  4 adders
  A worm (D:2)
  5 dart slugs
  3 orcs
  6 ball pythons
  9 endoplasms
  4 giant cockroaches
  2 goblins (D:1)
  5 hobgoblins
  3 jackals (D:2)
  2 quokkas
  7 bats
  6 frilled lizards
  20 kobolds
  A rat (D:1)
84 creatures vanquished.

Notes
Turn   | Place    | Note
-------+----------+-------------------------------------------
     0 | D:1      | cowcol the Minotaur Fighter began the quest for the Orb.
     0 | D:1      | Reached XP level 1. HP: 19/19 MP: 0/0
   320 | D:1      | Reached XP level 2. HP: 27/27 MP: 1/1
   945 | D:2      | Reached XP level 3. HP: 24/33 MP: 2/2
  1338 | D:2      | Found a runed translucent door.
  1339 | D:2      | Noticed Crazy Yiuf
  1345 | D:2      | Killed Crazy Yiuf
  1346 | D:2      | Reached skill level 1 in Throwing
  1346 | D:2      | Reached XP level 4. HP: 23/40 MP: 3/3
  1644 | D:2      | Found a sacrificial altar of Ru.
  2073 | D:2      | Noticed Terence
  2078 | D:2      | Killed Terence
  2612 | D:3      | Reached XP level 5. HP: 47/47 MP: 4/4
  3537 | D:3      | Reached skill level 5 in Axes
  3537 | D:3      | Reached XP level 6. HP: 28/55 MP: 5/5
  3881 | D:4      | Noticed Pikel
  3891 | D:4      | Reached skill level 5 in Armour
  4119 | D:4      | HP: 2/82 [Pikel/+2 whip of freezing (5)]
  4119 | D:4      | Slain by Pikel

Illustrated notes

Levels and vault maps discovered:
D:1:      lemuel_arrival_funnel, layout_basic, minmay_statues_item,
          minmay_misc_feat_diagonals
D:2:      wad_crossroads, layout_basic, basic_altar, uniq_terence,
          uniq_crazy_yiuf_cottage
D:3:      cheibrodos_thug_alley, layout_loops_ring, grunt_decor_one_mirror,
          feat_on_display
D:4:      layout_rooms, mainiacjoe_overflow_alcove_4,
          mainiacjoe_overflow_two_lobes, uniq_pikel

Skill      XL: |  1  2  3  4  5  6 |
---------------+-------------------+-----
Fighting       | 4 |  4.9
Shields        | 4 |  4.1
Armour         | 4 5 |  5.0
Axes           | 3 4 5 |  5.5
Throwing       | 1 2 |  2.0

Action                     |  1- 3 |  4- 6 || total
---------------------------+-------+-------++-------
  Melee: War axe           |    52 |   113 ||   165
         Headbutt          |    10 |    16 ||    26
  Throw: Stone             |     1 |    17 ||    18
         Dart              |       |     1 ||     1
    Use: Potion            |     1 |     2 ||     3
         Scroll            |       |     8 ||     8
 Armour: Scale mail        |    20 |    53 ||    73
         Chain mail        |       |    14 ||    14
  Dodge: Dodged            |    25 |    65 ||    90
  Block: Buckler           |    13 |    26 ||    39
